Americans vs Griffins
Created - April 27, 2025 at 22:33
Goals
|
| Americans |
1 |
1 |
2 |
4 |
| Griffins |
0 |
1 |
1 |
2 |
|
Shots
|
| Americans |
13 |
11 |
10 |
34 |
| Griffins |
13 |
6 |
8 |
27 |
|
1st period
1. Americans , Justin Bailey 23 (Adam Brooks 15, Matt Grzelcyk 21) at 0:59
Penalties :
Adam Brooks (Roc) for High sticking (Minor) at 8:46, Sonny Milano (Gra) for Tripping (Minor) at 17:52
2nd period
2. Americans , Justin Bailey 24 (Jacob Larsson 21, Adam Brooks 16) at 2:24
3. Griffins , Grigori Denisenko 15 (Kale Clague 35, Christoffer Ehn 52) at 13:46
Penalties :
Richard Nejezchleb (Roc) for Holding (Minor) at 2:48, Sonny Milano (Gra) for High sticking (Minor) at 16:12, Christoffer Ehn (Gra) for Roughing (Minor) at 18:54
3rd period
4. Griffins , Connor McMichael 4 (Tyler Lewington 7, Jack Studnicka 9) at 0:13 (SH)
5. Americans , Dillon Heatherington 8 (Michael McCarron 30, Spencer Stastney 12) at 16:05
6. Americans , Vladimir Tkachev 23 (Michael McCarron 31, Jacob Larsson 22) at 16:13
Penalties :
Jacob Larsson (Roc) for Interference (Minor) at 1:52, Jacob Larsson (Roc) for Hooking (Minor) at 4:46, Kale Clague (Gra) for Tripping (Minor) at 13:04, Richard Nejezchleb (Roc) for Slashing (Minor) at 13:22
Goalie Stats
Connor Hellebyuk (Roc), 25 saves from 27 shots - (0.926), W, 31-27-5, 60:00 minutes
Harru Sateri (Gra), 30 saves from 34 shots - (0.882), L, 3-1-0, 60:00 minutes
Players Stats for Americans
Player Name G A P +/- PIM S H SB GA TA FO MP PP MP PK MP
------------------------------------------------------------------------------------
0 0 0 0 0 0 0 0 0 0 0/0 0:00 0:00 0:00
0 0 0 0 0 0 0 0 0 0 0/0 0:00 0:00 0:00
0 0 0 0 0 0 0 0 0 0 0/0 0:00 0:00 0:00
0 0 0 0 0 0 0 0 0 0 0/0 0:00 0:00 0:00
0 0 0 0 0 0 0 0 0 0 0/0 0:00 0:00 0:00
0 0 0 0 0 0 0 0 0 0 0/0 0:00 0:00 0:00
0 0 0 0 0 0 0 0 0 0 0/0 0:00 0:00 0:00
Adam Brooks 0 2 2 0 2 2 3 0 1 1 10/29 20:49 3:57 3:03
Alex Schoenborn 0 0 0 2 0 1 0 0 0 0 0/0 12:12 0:00 0:01
Daniel Sprong 0 0 0 0 0 0 0 0 0 0 0/0 15:26 2:13 0:00
Devon Teows 0 0 0 0 0 0 0 0 0 1 0/0 3:25 0:00 0:00
Dillon Heatherington 1 0 1 0 0 3 1 1 2 1 0/0 27:30 4:32 5:14
Felix Bibeau 0 0 0 0 0 0 0 0 0 0 0/0 3:51 0:05 0:00
Jacob Larsson 0 2 2 2 4 5 2 0 0 0 0/1 21:22 2:18 2:01
John Leonard 0 0 0 0 0 0 1 0 0 0 0/0 6:26 0:00 0:11
Justin Bailey 2 0 2 0 0 5 4 0 5 0 4/10 24:56 4:02 3:57
Matt Grzelcyk 0 1 1 2 0 1 2 1 0 0 0/0 23:13 1:43 3:23
Matt Puempel 0 0 0 0 0 2 4 0 0 0 0/0 19:20 2:13 3:43
Michael McCarron 0 2 2 2 0 4 0 0 0 0 7/11 13:22 0:00 1:15
Richard Nejezchleb 0 0 0 0 4 3 0 0 0 1 0/2 17:36 4:01 0:00
Ryan Fitzgerald 0 0 0 0 0 2 3 1 1 0 8/13 17:51 2:13 2:07
Spencer Stastney 0 1 1 0 0 0 3 1 0 0 0/0 25:53 3:57 1:55
Vladimir Tkachev 1 0 1 2 0 5 4 1 0 0 0/0 13:56 0:00 2:12
Xavier Bouchard 0 0 0 0 0 1 1 2 0 1 0/0 16:45 0:00 3:54
Zachary Senyshyn 0 0 0 0 0 0 0 0 0 0 0/0 6:07 0:00 0:00
Players Stats for Griffins
Player Name G A P +/- PIM S H SB GA TA FO MP PP MP PK MP
------------------------------------------------------------------------------------
0 0 0 0 0 0 0 0 0 0 0/0 0:00 0:00 0:00
0 0 0 0 0 0 0 0 0 0 0/0 0:00 0:00 0:00
0 0 0 0 0 0 0 0 0 0 0/0 0:00 0:00 0:00
0 0 0 0 0 0 0 0 0 0 0/0 0:00 0:00 0:00
0 0 0 0 0 0 0 0 0 0 0/0 0:00 0:00 0:00
0 0 0 0 0 0 0 0 0 0 0/0 0:00 0:00 0:00
Christoffer Ehn 0 1 1 1 2 2 1 0 0 1 11/16 16:34 3:49 2:51
Connor McMichael 1 0 1 0 0 2 1 0 0 0 3/4 13:20 0:09 2:09
Grigori Denisenko 1 0 1 1 0 2 0 0 0 0 0/2 10:31 0:00 0:00
Ian McCoshen 0 0 0 0 0 1 3 2 0 1 0/0 27:18 4:55 4:30
Jack Studnicka 0 1 1 0 0 3 0 0 0 0 0/0 14:31 0:02 4:18
Joonas Lyytinen 0 0 0 -1 0 0 2 1 0 1 0/0 19:15 3:19 1:45
Kailer Yamamoto 0 0 0 1 0 4 0 0 1 0 0/0 13:38 3:49 0:00
Kale Clague 0 1 1 -1 2 0 1 2 0 2 0/0 21:19 4:55 0:00
Kevin Fiala 0 0 0 -2 0 1 1 0 1 0 0/1 19:00 4:09 0:00
Logan Brown 0 0 0 -2 0 2 1 0 0 0 17/29 20:43 4:16 0:46
Mathieu Brodeur 0 0 0 -1 0 0 1 2 0 0 0/0 15:28 0:00 1:45
Maxim Mamin 0 0 0 -1 0 2 1 0 1 1 2/5 9:02 0:09 0:00
Michael Bunting 0 0 0 -1 0 1 1 0 0 0 0/0 9:40 0:00 1:02
Morgan Frost 0 0 0 -1 0 1 2 0 0 0 4/5 16:10 3:49 1:24
Philip Broberg 0 0 0 -1 0 0 0 0 0 1 0/0 9:24 0:00 0:00
Samuel Poulin 0 0 0 -1 0 0 4 0 0 0 0/1 8:32 0:00 0:00
Sebastian Ahaut 0 0 0 -1 0 1 0 1 1 1 0/0 17:11 3:19 0:00
Sonny Milano 0 0 0 -2 4 4 1 1 1 0 0/3 20:13 4:23 0:00
Tyler Lewington 0 1 1 1 0 1 0 0 0 1 0/0 10:11 0:07 4:30
3 Stars
1 - Justin Bailey (Roc)
2 - Vladimir Tkachev (Roc)
3 - Michael McCarron (Roc)
Power Play
Americans - 0 on 4 Attempt(s) - 0.00%
Griffins - 0 on 5 Attempt(s) - 0.00%
Penalty Kill
Americans - 5 on 5 Attempt(s) - 100.00%
- Score 0 goal in Penalty Kill
Griffins - 4 on 4 Attempt(s) - 100.00%
- Score 1 goal in Penalty Kill
Team Stat
Americans - Hits : 28 - Faceoff Wins : 29 - Blocked Shots : 7 - Penalty Minutes : 10
Griffins - Hits : 20 - Faceoff Wins : 37 - Blocked Shots : 9 - Penalty Minutes : 8
Official
Referees : Dean Morton and Tom Chmielewski
Linesman : Derek Amell and Derek Nansen
Game Notes
Devon Teows is injured at 8:24 of 1st period (Broken Nose)
Finance
Level 1 -- Attendance: 1841 (92.05%) -- Ticket Income $128,870
Level 2 -- Attendance: 991 (99.10%) -- Ticket Income $39,640
Total Attendance: 2832 (94.40%)
Total Ticket Income: $168,510
Other Income: $8,426
Total Income: $176,936
Americans
5 vs 5 Forward
Center Left Wing Right Wing Time % Phy DF OF
1 Adam Brooks Justin Bailey Richard Nejezchleb 40 1 2 2
2 Ryan Fitzgerald Matt Puempel Daniel Sprong 30 1 2 2
3 Michael McCarron Vladimir Tkachev Alex Schoenborn 20 1 2 2
4 Justin Bailey John Leonard Zachary Senyshyn 10 1 2 2
5 vs 5 Defense
Defense Defense Time % Phy DF OF
1 Dillon Heatherington Devon Teows 40 1 2 2
2 Jacob Larsson Matt Grzelcyk 30 1 2 2
3 Spencer Stastney Xavier Bouchard 20 1 2 2
4 Dillon Heatherington Devon Teows 10 1 2 2
PowerPlay Forward
Center Left Wing Right Wing Time % Phy DF OF
1 Adam Brooks Justin Bailey Richard Nejezchleb 60 1 2 2
2 Ryan Fitzgerald Matt Puempel Daniel Sprong 40 1 2 2
PowerPlay Defense
Defense Defense Time % Phy DF OF
1 Dillon Heatherington Devon Teows 60 1 2 2
2 Jacob Larsson Matt Grzelcyk 40 1 2 2
Penalty Kill 4 Players Forward
Center Wing Time % Phy DF OF
1 Justin Bailey Adam Brooks 60 1 2 2
2 Ryan Fitzgerald Matt Puempel 40 1 2 2
Penalty Kill 4 Players Defense
Defense Defense Time % Phy DF OF
1 Dillon Heatherington Devon Teows 60 1 2 2
2 Jacob Larsson Matt Grzelcyk 40 1 2 2
Penalty Kill - 3 Players Forward
Forward Time % Phy DF OF
1 Justin Bailey 60 1 2 2
2 Adam Brooks 40 1 2 2
Penalty Kill - 3 Players Defense
Defense Defense Time % Phy DF OF
1 Dillon Heatherington Devon Teows 60 1 2 2
2 Jacob Larsson Matt Grzelcyk 40 1 2 2
4 vs 4 Forward
Center Wing Time % Phy DF OF
1 Justin Bailey Adam Brooks 60 1 2 2
2 Ryan Fitzgerald Matt Puempel 40 1 2 2
4 vs 4 Defense
Defense Defense Time % Phy DF OF
1 Dillon Heatherington Devon Teows 60 1 2 2
2 Jacob Larsson Matt Grzelcyk 40 1 2 2
Last Minutes Offensive
Center Left Wing Right Wing Defense Defense
Adam Brooks Justin Bailey Richard Nejezchleb Dillon Heatherington Devon Teows
Last Minutes Defensive
Center Left Wing Right Wing Defense Defense
Adam Brooks Justin Bailey Richard Nejezchleb Dillon Heatherington Devon Teows
Goaltenders
Starting : Connor Hellebyuk
Backup : Peyton Jones
Extra Forwards
Normal : Felix Bibeau, Michael McCarron, Vladimir Tkachev - PP : Felix Bibeau, Michael McCarron - PK : Vladimir Tkachev
Extra Defensemen
Normal : Spencer Stastney, Xavier Bouchard, Jacob Larsson - PP : Spencer Stastney - PK : Xavier Bouchard, Jacob Larsson
Penalty Shots
Justin Bailey, Adam Brooks, Ryan Fitzgerald, Matt Puempel, Richard Nejezchleb
Custom OT Lines Forwards
Justin Bailey, Adam Brooks, Ryan Fitzgerald, Matt Puempel, Richard Nejezchleb, Michael McCarron, Vladimir Tkachev, Daniel Sprong, Alex Schoenborn, John Leonard
Custom OT Lines Defensemen
Dillon Heatherington, Devon Teows, Jacob Larsson, Matt Grzelcyk, Spencer Stastney
Scratches
Peyton Krebs (Healthy), Dmitri Semykin (Healthy), Nathan Noel (Healthy), Lauri Pajuniemi (Healthy), Anthony Romano (Healthy)
Austin Wong (Healthy), Christopher Paquette (Healthy), Samuel Bolduc (Healthy), Gianni Fairbrother (Healthy), Daniel Bukac (Healthy)
Simon Holmstrom (Healthy)
Griffins
5 vs 5 Forward
Center Left Wing Right Wing Time % Phy DF OF
1 Logan Brown Sonny Milano Kevin Fiala 40 1 2 2
2 Christoffer Ehn Grigori Denisenko Kailer Yamamoto 30 1 2 2
3 Morgan Frost Connor McMichael Jack Studnicka 20 1 2 2
4 Maxim Mamin Michael Bunting Samuel Poulin 10 1 2 2
5 vs 5 Defense
Defense Defense Time % Phy DF OF
1 Ian McCoshen Kale Clague 40 1 2 2
2 Mathieu Brodeur Joonas Lyytinen 30 1 2 2
3 Sebastian Ahaut Philip Broberg 20 1 2 2
4 Sebastian Ahaut Tyler Lewington 10 1 2 2
PowerPlay Forward
Center Left Wing Right Wing Time % Phy DF OF
1 Logan Brown Sonny Milano Kevin Fiala 60 1 2 2
2 Christoffer Ehn Morgan Frost Kailer Yamamoto 40 1 2 2
PowerPlay Defense
Defense Defense Time % Phy DF OF
1 Ian McCoshen Kale Clague 60 1 2 2
2 Joonas Lyytinen Sebastian Ahaut 40 1 2 2
Penalty Kill 4 Players Forward
Center Wing Time % Phy DF OF
1 Christoffer Ehn Jack Studnicka 60 1 2 2
2 Logan Brown Morgan Frost 40 1 2 2
Penalty Kill 4 Players Defense
Defense Defense Time % Phy DF OF
1 Ian McCoshen Tyler Lewington 60 1 2 2
2 Mathieu Brodeur Joonas Lyytinen 40 1 2 2
Penalty Kill - 3 Players Forward
Forward Time % Phy DF OF
1 Christoffer Ehn 60 1 2 2
2 Jack Studnicka 40 1 2 2
Penalty Kill - 3 Players Defense
Defense Defense Time % Phy DF OF
1 Ian McCoshen Tyler Lewington 60 1 2 2
2 Mathieu Brodeur Joonas Lyytinen 40 1 2 2
4 vs 4 Forward
Center Wing Time % Phy DF OF
1 Logan Brown Sonny Milano 60 1 2 2
2 Morgan Frost Kevin Fiala 40 1 2 2
4 vs 4 Defense
Defense Defense Time % Phy DF OF
1 Ian McCoshen Kale Clague 60 1 2 2
2 Sebastian Ahaut Joonas Lyytinen 40 1 2 2
Last Minutes Offensive
Center Left Wing Right Wing Defense Defense
Christoffer Ehn Sonny Milano Kevin Fiala Ian McCoshen Kale Clague
Last Minutes Defensive
Center Left Wing Right Wing Defense Defense
Christoffer Ehn Logan Brown Kevin Fiala Tyler Lewington Mathieu Brodeur
Goaltenders
Starting : Harru Sateri
Backup : Adam Werner
Extra Forwards
Normal : Morgan Frost, Grigori Denisenko, Connor McMichael - PP : Connor McMichael, Maxim Mamin - PK : Connor McMichael
Extra Defensemen
Normal : Sebastian Ahaut, Tyler Lewington, Philip Broberg - PP : Sebastian Ahaut - PK : Tyler Lewington, Sebastian Ahaut
Penalty Shots
Sonny Milano, Kevin Fiala, Kailer Yamamoto, Christoffer Ehn, Jack Studnicka
Custom OT Lines Forwards
Christoffer Ehn, Sonny Milano, Kevin Fiala, Logan Brown, Kailer Yamamoto, Morgan Frost, Grigori Denisenko, Connor McMichael, Maxim Mamin, Michael Bunting
Custom OT Lines Defensemen
Ian McCoshen, Kale Clague, Mathieu Brodeur, Joonas Lyytinen, Sebastian Ahaut
Scratches
Brycen Martin (Healthy), Scott Reedy (Healthy), Jack Ramsey (Healthy), Conor Timmins (Healthy), Oskar Steen (Healthy)
Nick Swaney (Healthy), Dominik Bokk (Healthy), Viktor Lodin (Healthy), Vladislav Kolyachonok (Healthy), Ivan Prosvetov (Healthy)
Philippe Desrosiers (Healthy)
% Time on Ice - Americans
Lines # - Real PCT - Wanted PCT - Time Play
Normal Forward
1 - 30% - 40% - 13:22
2 - 30% - 30% - 13:05
3 - 26% - 20% - 11:16
4 - 14% - 10% - 6:07
Normal Defense
1 - 46% - 40% - 20:15
2 - 29% - 30% - 12:50
3 - 17% - 20% - 7:38
4 - 7% - 10% - 3:07
PP Forward
1 - 65% - 60% - 4:02
2 - 35% - 40% - 2:13
PP Defense
1 - 73% - 60% - 4:32
2 - 27% - 40% - 1:43
PK Forward
1 - 77% - 60% - 6:21
2 - 23% - 40% - 1:53
PK Defense
1 - 69% - 60% - 5:43
2 - 31% - 40% - 2:31
PK3 Forward
1 - 0% - 60%
2 - 0% - 40%
PK3 Defense
1 - 0% - 60%
2 - 0% - 40%
44 Forward
1 - 75% - 60% - 1:16
2 - 25% - 40% - 0:25
44 Defense
1 - 64% - 60% - 1:05
2 - 36% - 40% - 0:36
Last Minute Offensive - 0:00
Last Minute Defensive - 0:00
Total
Forward - 60:00
Defense - 60:00
|
% Time on Ice - Griffins
Lines # - Real PCT - Wanted PCT - Time Play
Normal Forward
1 - 35% - 40% - 15:12
2 - 23% - 30% - 10:05
3 - 23% - 20% - 10:01
4 - 19% - 10% - 8:32
Normal Defense
1 - 38% - 40% - 16:33
2 - 33% - 30% - 14:30
3 - 21% - 20% - 9:24
4 - 8% - 10% - 3:23
PP Forward
1 - 54% - 60% - 4:25
2 - 46% - 40% - 3:49
PP Defense
1 - 60% - 60% - 4:55
2 - 40% - 40% - 3:19
PK Forward
1 - 88% - 60% - 5:29
2 - 12% - 40% - 0:46
PK Defense
1 - 72% - 60% - 4:30
2 - 28% - 40% - 1:45
PK3 Forward
1 - 0% - 60%
2 - 0% - 40%
PK3 Defense
1 - 0% - 60%
2 - 0% - 40%
44 Forward
1 - 73% - 60% - 1:14
2 - 27% - 40% - 0:27
44 Defense
1 - 66% - 60% - 1:07
2 - 34% - 40% - 0:34
Last Minute Offensive - 0:00
Last Minute Defensive - 0:00
Total
Forward - 60:00
Defense - 60:00
|
Play-by-Play
1st period
0:01 of 1st period - Logan Brown wins face-off versus Adam Brooks in neutral zone.
0:10 of 1st period - Snap shot by Sonny Milano.
0:10 of 1st period - Stopped by Connor Hellebyuk without a rebound.
0:11 of 1st period - Christoffer Ehn wins face-off versus Ryan Fitzgerald in Americans zone.
0:36 of 1st period - Jacob Larsson is hit by Connor McMichael and loses puck.
0:59 of 1st period - Snap shot by Adam Brooks.
0:59 of 1st period - Deflect By Justin Bailey.
0:59 of 1st period - Goal by Justin Bailey - Americans : 1 - Griffins : 0.
1:00 of 1st period - Maxim Mamin wins face-off versus Justin Bailey in neutral zone.
1:03 of 1st period - Snap shot by Maxim Mamin.
1:03 of 1st period - Stopped by Connor Hellebyuk with a rebound.
1:05 of 1st period - Snap shot by Ian McCoshen.
1:05 of 1st period - Deflect By Maxim Mamin.
1:05 of 1st period - Stopped by Connor Hellebyuk without a rebound.
1:06 of 1st period - Justin Bailey wins face-off versus Maxim Mamin in Americans zone.
1:10 of 1st period - Dillon Heatherington is hit by Ian McCoshen and loses puck.
1:17 of 1st period - Devon Teows is hit by Samuel Poulin and loses puck.
1:54 of 1st period - Snap shot by Kailer Yamamoto.
1:54 of 1st period - Shot Misses the Net.
2:00 of 1st period - Snap shot by Kailer Yamamoto.
2:00 of 1st period - Deflect By Grigori Denisenko.
2:00 of 1st period - Stopped by Connor Hellebyuk without a rebound.
2:01 of 1st period - Christoffer Ehn wins face-off versus Adam Brooks in Americans zone.
2:10 of 1st period - Snap shot by Adam Brooks.
2:10 of 1st period - Deflect By Justin Bailey.
2:10 of 1st period - Stopped by Harru Sateri without a rebound.
2:11 of 1st period - Justin Bailey wins face-off versus Christoffer Ehn in Griffins zone.
2:14 of 1st period - Snap shot by Justin Bailey.
2:14 of 1st period - Stopped by Harru Sateri without a rebound.
2:15 of 1st period - Adam Brooks wins face-off versus Kevin Fiala in Griffins zone.
2:28 of 1st period - Dillon Heatherington is hit by Sonny Milano and loses puck.
2:46 of 1st period - Wrist shot by Logan Brown.
2:46 of 1st period - Stopped by Connor Hellebyuk without a rebound.
2:47 of 1st period - Morgan Frost wins face-off versus Ryan Fitzgerald in Americans zone.
3:19 of 1st period - Snap shot by Matt Puempel.
3:19 of 1st period - Stopped by Harru Sateri without a rebound.
3:20 of 1st period - Maxim Mamin wins face-off versus Adam Brooks in Griffins zone.
3:46 of 1st period - Maxim Mamin is hit by Justin Bailey and loses puck.
4:05 of 1st period - Slapshot by Ian McCoshen.
4:05 of 1st period - Deflect By Michael Bunting.
4:05 of 1st period - Stopped by Connor Hellebyuk with a rebound.
4:37 of 1st period - Wrist shot by Richard Nejezchleb.
4:37 of 1st period - Stopped by Harru Sateri without a rebound.
4:38 of 1st period - Michael McCarron wins face-off versus Logan Brown in Griffins zone.
4:57 of 1st period - Kevin Fiala is hit by Jacob Larsson and loses puck.
5:30 of 1st period - Morgan Frost is hit by Spencer Stastney and loses puck.
6:28 of 1st period - Ian McCoshen is hit by Matt Puempel and loses puck.
6:49 of 1st period - Mathieu Brodeur is hit by Justin Bailey and loses puck.
7:12 of 1st period - Jacob Larsson is hit by Samuel Poulin.
8:23 of 1st period - Devon Teows is hit by Joonas Lyytinen and loses puck.
8:24 of 1st period - Devon Teows from Americans is injured at 8:24 of 1st period (Broken Nose).
8:25 of 1st period - Logan Brown wins face-off versus Adam Brooks in Americans zone.
8:26 of 1st period - Wrist shot by Kevin Fiala.
8:26 of 1st period - Stopped by Connor Hellebyuk with a rebound.
8:40 of 1st period - Wrist shot by Kevin Fiala.
8:40 of 1st period - Shot Misses the Net.
8:46 of 1st period - Minor Penalty to Adam Brooks for High sticking.
8:47 of 1st period - Logan Brown wins face-off versus Justin Bailey in Americans zone.
9:00 of 1st period - Snap shot by Sonny Milano.
9:00 of 1st period - Shot Misses the Net.
9:02 of 1st period - Slapshot by Ian McCoshen.
9:02 of 1st period - Shot Misses the Net.
10:46 of 1st period - Penalty to Adam Brooks is over, Adam Brooks is back on ice.
10:58 of 1st period - Maxim Mamin is hit by Matt Grzelcyk and loses puck.
12:05 of 1st period - Off-side.
12:06 of 1st period - Ryan Fitzgerald wins face-off versus Grigori Denisenko in neutral zone.
12:16 of 1st period - Snap shot by Sebastian Ahaut.
12:16 of 1st period - Stopped by Connor Hellebyuk without a rebound.
12:17 of 1st period - Logan Brown wins face-off versus Adam Brooks in Americans zone.
12:26 of 1st period - Snap shot by Sonny Milano.
12:26 of 1st period - Stopped by Connor Hellebyuk without a rebound.
12:27 of 1st period - Adam Brooks wins face-off versus Logan Brown in Americans zone.
12:37 of 1st period - Backhand shot by Justin Bailey.
12:37 of 1st period - Shot Misses the Net.
12:39 of 1st period - Slapshot by Adam Brooks.
12:39 of 1st period - Stopped by Harru Sateri with a rebound.
12:41 of 1st period - Snap shot by Dillon Heatherington.
12:41 of 1st period - Deflect By Richard Nejezchleb.
12:41 of 1st period - Stopped by Harru Sateri without a rebound.
12:42 of 1st period - Christoffer Ehn wins face-off versus Ryan Fitzgerald in Griffins zone.
13:29 of 1st period - Snap shot by Vladimir Tkachev.
13:29 of 1st period - Stopped by Harru Sateri without a rebound.
13:30 of 1st period - Morgan Frost wins face-off versus Michael McCarron in Griffins zone.
13:54 of 1st period - Joonas Lyytinen is hit by Vladimir Tkachev and loses puck.
14:01 of 1st period - Slapshot by Dillon Heatherington.
14:01 of 1st period - Stopped by Harru Sateri with a rebound.
14:03 of 1st period - Slapshot by Dillon Heatherington.
14:03 of 1st period - Shot Misses the Net.
14:05 of 1st period - Snap shot by Vladimir Tkachev.
14:05 of 1st period - Shot Blocked by Mathieu Brodeur.
14:07 of 1st period - Slapshot by Xavier Bouchard.
14:07 of 1st period - Shot Misses the Net.
14:13 of 1st period - Snap shot by Michael McCarron.
14:13 of 1st period - Stopped by Harru Sateri without a rebound.
14:14 of 1st period - Logan Brown wins face-off versus Adam Brooks in Griffins zone.
15:07 of 1st period - Wrist shot by Justin Bailey.
15:07 of 1st period - Stopped by Harru Sateri without a rebound.
15:08 of 1st period - Logan Brown wins face-off versus Michael McCarron in Griffins zone.
15:13 of 1st period - Snap shot by Logan Brown.
15:13 of 1st period - Shot Blocked by Matt Grzelcyk.
15:19 of 1st period - Wrist shot by Sonny Milano.
15:19 of 1st period - Stopped by Connor Hellebyuk without a rebound.
15:20 of 1st period - Adam Brooks wins face-off versus Christoffer Ehn in Americans zone.
15:25 of 1st period - Snap shot by Kailer Yamamoto.
15:25 of 1st period - Stopped by Connor Hellebyuk with a rebound.
16:48 of 1st period - Wrist shot by Michael McCarron.
16:48 of 1st period - Shot Misses the Net.
17:21 of 1st period - Snap shot by Maxim Mamin.
17:21 of 1st period - Deflect By Michael Bunting.
17:21 of 1st period - Shot Misses the Net.
17:21 of 1st period - Puck is out of play.
17:22 of 1st period - Ryan Fitzgerald wins face-off versus Maxim Mamin in Americans zone.
17:22 of 1st period - Ryan Fitzgerald is hit by Maxim Mamin.
17:42 of 1st period - Off-side.
17:43 of 1st period - Logan Brown wins face-off versus Adam Brooks in neutral zone.
17:50 of 1st period - Snap shot by Justin Bailey.
17:50 of 1st period - Shot Misses the Net.
17:52 of 1st period - Minor Penalty to Sonny Milano for Tripping.
17:53 of 1st period - Christoffer Ehn wins face-off versus Adam Brooks in Griffins zone.
17:53 of 1st period - Christoffer Ehn is hit by Justin Bailey.
18:01 of 1st period - Richard Nejezchleb is hit by Ian McCoshen and loses puck.
18:09 of 1st period - Wrist shot by Richard Nejezchleb.
18:09 of 1st period - Stopped by Harru Sateri without a rebound.
18:10 of 1st period - Christoffer Ehn wins face-off versus Adam Brooks in Griffins zone.
18:21 of 1st period - Wrist shot by Christoffer Ehn.
18:21 of 1st period - Stopped by Connor Hellebyuk without a rebound.
18:22 of 1st period - Adam Brooks wins face-off versus Christoffer Ehn in Americans zone.
18:33 of 1st period - Wrist shot by Christoffer Ehn.
18:33 of 1st period - Stopped by Connor Hellebyuk with a rebound.
18:35 of 1st period - Slapshot by Tyler Lewington.
18:35 of 1st period - Shot Misses the Net.
18:37 of 1st period - Snap shot by Christoffer Ehn.
18:37 of 1st period - Shot Blocked by Spencer Stastney.
18:39 of 1st period - Slapshot by Ian McCoshen.
18:39 of 1st period - Deflect By Jack Studnicka.
18:39 of 1st period - Shot Misses the Net.
18:39 of 1st period - Puck is out of play.
18:40 of 1st period - Christoffer Ehn wins face-off versus Ryan Fitzgerald in Americans zone.
19:12 of 1st period - Snap shot by Adam Brooks.
19:12 of 1st period - Stopped by Harru Sateri without a rebound.
19:13 of 1st period - Logan Brown wins face-off versus Adam Brooks in Griffins zone.
19:52 of 1st period - Penalty to Sonny Milano is over, Sonny Milano is back on ice.
Goals for this period are 1 for Americans vs 0 for Griffins.
Shots for this period are 13 for Americans vs 13 for Griffins.
2nd period
0:01 of 2nd period - Logan Brown wins face-off versus Adam Brooks in neutral zone.
1:28 of 2nd period - Snap shot by Logan Brown.
1:28 of 2nd period - Shot Hit the Post.
1:30 of 2nd period - Wrist shot by Sonny Milano.
1:30 of 2nd period - Shot Blocked by Dillon Heatherington.
1:32 of 2nd period - Wrist shot by Sonny Milano.
1:32 of 2nd period - Shot Misses the Net.
2:14 of 2nd period - Slapshot by Dillon Heatherington.
2:14 of 2nd period - Deflect By Matt Puempel.
2:14 of 2nd period - Shot Misses the Net.
2:14 of 2nd period - Puck is out of play.
2:15 of 2nd period - Logan Brown wins face-off versus Adam Brooks in Griffins zone.
2:24 of 2nd period - Snap shot by Justin Bailey.
2:24 of 2nd period - Goal by Justin Bailey - Americans : 2 - Griffins : 0.
2:25 of 2nd period - Logan Brown wins face-off versus Adam Brooks in neutral zone.
2:48 of 2nd period - Minor Penalty to Richard Nejezchleb for Holding.
2:49 of 2nd period - Logan Brown wins face-off versus Justin Bailey in Americans zone.
3:02 of 2nd period - Slapshot by Ian McCoshen.
3:02 of 2nd period - Stopped by Connor Hellebyuk with a rebound.
3:04 of 2nd period - Snap shot by Ian McCoshen.
3:04 of 2nd period - Shot Misses the Net.
3:22 of 2nd period - Snap shot by Kailer Yamamoto.
3:22 of 2nd period - Shot Misses the Net.
4:48 of 2nd period - Penalty to Richard Nejezchleb is over, Richard Nejezchleb is back on ice.
5:42 of 2nd period - Sebastian Ahaut is hit by Dillon Heatherington.
5:52 of 2nd period - Jack Studnicka is hit by Matt Puempel and loses puck.
6:05 of 2nd period - Michael McCarron is hit by Mathieu Brodeur and loses puck.
6:51 of 2nd period - Sonny Milano is hit by Xavier Bouchard and loses puck.
8:43 of 2nd period - Icing by Logan Brown.
8:44 of 2nd period - Michael McCarron wins face-off versus Samuel Poulin in Griffins zone.
9:35 of 2nd period - Richard Nejezchleb is hit by Logan Brown and loses puck.
11:03 of 2nd period - Sebastian Ahaut is hit by Jacob Larsson.
11:27 of 2nd period - Sonny Milano is hit by John Leonard.
11:56 of 2nd period - Joonas Lyytinen is hit by Vladimir Tkachev and loses puck.
12:24 of 2nd period - Slapshot by Mathieu Brodeur.
12:24 of 2nd period - Shot Misses the Net.
13:01 of 2nd period - Slapshot by Kailer Yamamoto.
13:01 of 2nd period - Stopped by Connor Hellebyuk without a rebound.
13:02 of 2nd period - Ryan Fitzgerald wins face-off versus Logan Brown in Americans zone.
13:13 of 2nd period - Slapshot by Logan Brown.
13:13 of 2nd period - Shot Blocked by Ryan Fitzgerald.
13:15 of 2nd period - Snap shot by Sonny Milano.
13:15 of 2nd period - Stopped by Connor Hellebyuk without a rebound.
13:16 of 2nd period - Adam Brooks wins face-off versus Sonny Milano in Americans zone.
13:29 of 2nd period - Wrist shot by Logan Brown.
13:29 of 2nd period - Deflect By Richard Nejezchleb.
13:29 of 2nd period - Stopped by Connor Hellebyuk without a rebound.
13:30 of 2nd period - Christoffer Ehn wins face-off versus Adam Brooks in Americans zone.
13:30 of 2nd period - Christoffer Ehn is hit by Matt Grzelcyk.
13:44 of 2nd period - Slapshot by Kale Clague.
13:44 of 2nd period - Shot Misses the Net.
13:46 of 2nd period - Snap shot by Grigori Denisenko.
13:46 of 2nd period - Goal by Grigori Denisenko - Americans : 2 - Griffins : 1.
13:47 of 2nd period - Adam Brooks wins face-off versus Logan Brown in neutral zone.
14:20 of 2nd period - Slapshot by Matt Puempel.
14:20 of 2nd period - Stopped by Harru Sateri without a rebound.
14:21 of 2nd period - Ryan Fitzgerald wins face-off versus Logan Brown in Griffins zone.
14:24 of 2nd period - Wrist shot by Ryan Fitzgerald.
14:24 of 2nd period - Shot Blocked by Joonas Lyytinen.
14:55 of 2nd period - Spencer Stastney is hit by Joonas Lyytinen.
15:21 of 2nd period - Snap shot by Christoffer Ehn.
15:21 of 2nd period - Deflect By Kailer Yamamoto.
15:21 of 2nd period - Stopped by Connor Hellebyuk with a rebound.
15:41 of 2nd period - Snap shot by Justin Bailey.
15:41 of 2nd period - Deflect By Sebastian Ahaut.
15:41 of 2nd period - Shot Misses the Net.
15:41 of 2nd period - Puck is out of play.
15:42 of 2nd period - Michael McCarron wins face-off versus Sonny Milano in Griffins zone.
15:49 of 2nd period - Slapshot by Jacob Larsson.
15:49 of 2nd period - Deflect By Ian McCoshen.
15:49 of 2nd period - Stopped by Harru Sateri without a rebound.
15:50 of 2nd period - Michael McCarron wins face-off versus Logan Brown in Griffins zone.
15:57 of 2nd period - Slapshot by Michael McCarron.
15:57 of 2nd period - Stopped by Harru Sateri with a rebound.
15:59 of 2nd period - Backhand shot by Vladimir Tkachev.
15:59 of 2nd period - Stopped by Harru Sateri with a rebound.
16:01 of 2nd period - Wrist shot by Alex Schoenborn.
16:01 of 2nd period - Stopped by Harru Sateri without a rebound.
16:02 of 2nd period - Adam Brooks wins face-off versus Logan Brown in Griffins zone.
16:05 of 2nd period - Slapshot by Justin Bailey.
16:05 of 2nd period - Shot Misses the Net.
16:07 of 2nd period - Slapshot by Jacob Larsson.
16:07 of 2nd period - Stopped by Harru Sateri with a rebound.
16:12 of 2nd period - Minor Penalty to Sonny Milano for High sticking.
16:13 of 2nd period - Christoffer Ehn wins face-off versus Richard Nejezchleb in Griffins zone.
17:35 of 2nd period - Daniel Sprong is hit by Michael Bunting and loses puck.
17:44 of 2nd period - Tyler Lewington is hit by Ryan Fitzgerald and loses puck.
17:55 of 2nd period - Michael Bunting is hit by Adam Brooks and loses puck.
18:12 of 2nd period - Penalty to Sonny Milano is over, Sonny Milano is back on ice.
18:25 of 2nd period - Slapshot by Mathieu Brodeur.
18:25 of 2nd period - Shot Blocked by Vladimir Tkachev.
18:27 of 2nd period - Slapshot by Joonas Lyytinen.
18:27 of 2nd period - Deflect By Kevin Fiala.
18:27 of 2nd period - Shot Misses the Net.
18:27 of 2nd period - Puck is out of play.
18:28 of 2nd period - Michael McCarron wins face-off versus Sonny Milano in Americans zone.
18:41 of 2nd period - Snap shot by Vladimir Tkachev.
18:41 of 2nd period - Deflect By Sonny Milano.
18:41 of 2nd period - Shot Blocked by Sebastian Ahaut.
18:41 of 2nd period - Puck is out of play.
18:42 of 2nd period - Christoffer Ehn wins face-off versus Ryan Fitzgerald in Griffins zone.
18:42 of 2nd period - Christoffer Ehn is hit by Ryan Fitzgerald.
18:54 of 2nd period - Minor Penalty to Christoffer Ehn for Roughing.
18:55 of 2nd period - Connor McMichael wins face-off versus Richard Nejezchleb in Griffins zone.
18:55 of 2nd period - Connor McMichael is hit by Spencer Stastney.
19:23 of 2nd period - Wrist shot by Ryan Fitzgerald.
19:23 of 2nd period - Stopped by Harru Sateri with a rebound.
19:25 of 2nd period - Slapshot by Jacob Larsson.
19:25 of 2nd period - Stopped by Harru Sateri with a rebound.
19:27 of 2nd period - Slapshot by Jacob Larsson.
19:27 of 2nd period - Stopped by Harru Sateri with a rebound.
19:29 of 2nd period - Slapshot by Jacob Larsson.
19:29 of 2nd period - Stopped by Harru Sateri with a rebound.
19:31 of 2nd period - Snap shot by Jacob Larsson.
19:31 of 2nd period - Shot Misses the Net.
Goals for this period are 1 for Americans vs 1 for Griffins.
Shots for this period are 11 for Americans vs 6 for Griffins.
3rd period
0:01 of 3rd period - Connor McMichael wins face-off versus Adam Brooks in neutral zone.
0:09 of 3rd period - Snap shot by Jack Studnicka.
0:09 of 3rd period - Stopped by Connor Hellebyuk with a rebound.
0:11 of 3rd period - Wrist shot by Tyler Lewington.
0:11 of 3rd period - Stopped by Connor Hellebyuk with a rebound.
0:13 of 3rd period - Snap shot by Connor McMichael.
0:13 of 3rd period - Goal by Connor McMichael - Americans : 2 - Griffins : 2.
0:14 of 3rd period - Adam Brooks wins face-off versus Connor McMichael in neutral zone.
0:54 of 3rd period - Penalty to Christoffer Ehn is over, Christoffer Ehn is back on ice.
0:54 of 3rd period - Connor McMichael is hit by Adam Brooks and loses puck.
1:11 of 3rd period - Snap shot by Michael McCarron.
1:11 of 3rd period - Stopped by Harru Sateri without a rebound.
1:12 of 3rd period - Ryan Fitzgerald wins face-off versus Logan Brown in Griffins zone.
1:17 of 3rd period - Slapshot by Matt Grzelcyk.
1:17 of 3rd period - Shot Misses the Net.
1:19 of 3rd period - Wrist shot by Jacob Larsson.
1:19 of 3rd period - Deflect By Matt Puempel.
1:19 of 3rd period - Shot Blocked by Kale Clague.
1:19 of 3rd period - Puck is out of play.
1:20 of 3rd period - Ryan Fitzgerald wins face-off versus Logan Brown in Griffins zone.
1:23 of 3rd period - Slapshot by Ryan Fitzgerald.
1:23 of 3rd period - Shot Blocked by Ian McCoshen.
1:25 of 3rd period - Slapshot by Jacob Larsson.
1:25 of 3rd period - Shot Misses the Net.
1:27 of 3rd period - Snap shot by Matt Grzelcyk.
1:27 of 3rd period - Shot Blocked by Sonny Milano.
1:52 of 3rd period - Minor Penalty to Jacob Larsson for Interference.
1:53 of 3rd period - Justin Bailey wins face-off versus Logan Brown in Americans zone.
2:28 of 3rd period - Kale Clague is hit by Matt Puempel.
2:32 of 3rd period - Christoffer Ehn is hit by Ryan Fitzgerald and loses puck.
3:19 of 3rd period - Morgan Frost is hit by Vladimir Tkachev and loses puck.
3:52 of 3rd period - Penalty to Jacob Larsson is over, Jacob Larsson is back on ice.
3:53 of 3rd period - Icing by Xavier Bouchard.
3:54 of 3rd period - Connor McMichael wins face-off versus Jacob Larsson in Americans zone.
4:01 of 3rd period - Slapshot by Connor McMichael.
4:01 of 3rd period - Stopped by Connor Hellebyuk without a rebound.
4:02 of 3rd period - Michael McCarron wins face-off versus Maxim Mamin in Americans zone.
4:46 of 3rd period - Minor Penalty to Jacob Larsson for Hooking.
4:47 of 3rd period - Logan Brown wins face-off versus Justin Bailey in Americans zone.
4:50 of 3rd period - Wrist shot by Kevin Fiala.
4:50 of 3rd period - Shot Misses the Net.
5:22 of 3rd period - Backhand shot by Morgan Frost.
5:22 of 3rd period - Stopped by Connor Hellebyuk with a rebound.
5:28 of 3rd period - Kailer Yamamoto is hit by Matt Puempel and loses puck.
6:46 of 3rd period - Penalty to Jacob Larsson is over, Jacob Larsson is back on ice.
7:00 of 3rd period - Michael Bunting is hit by Spencer Stastney and loses puck.
8:31 of 3rd period - Zachary Senyshyn is hit by Samuel Poulin and loses puck.
9:12 of 3rd period - Michael Bunting is hit by Vladimir Tkachev and loses puck.
9:25 of 3rd period - Xavier Bouchard is hit by Kale Clague.
9:35 of 3rd period - Slapshot by Kailer Yamamoto.
9:35 of 3rd period - Stopped by Connor Hellebyuk without a rebound.
9:36 of 3rd period - Christoffer Ehn wins face-off versus Adam Brooks in Americans zone.
10:20 of 3rd period - Daniel Sprong is hit by Samuel Poulin and loses puck.
10:43 of 3rd period - Slapshot by Sebastian Ahaut.
10:43 of 3rd period - Deflect By Morgan Frost.
10:43 of 3rd period - Shot Blocked by Xavier Bouchard.
10:43 of 3rd period - Puck is out of play.
10:44 of 3rd period - Justin Bailey wins face-off versus Logan Brown in Americans zone.
10:57 of 3rd period - Wrist shot by Kevin Fiala.
10:57 of 3rd period - Deflect By Logan Brown.
10:57 of 3rd period - Shot Blocked by Xavier Bouchard.
10:57 of 3rd period - Puck is out of play.
10:58 of 3rd period - Adam Brooks wins face-off versus Logan Brown in Americans zone.
11:28 of 3rd period - Ryan Fitzgerald is hit by Christoffer Ehn and loses puck.
12:08 of 3rd period - Snap shot by Jack Studnicka.
12:08 of 3rd period - Stopped by Connor Hellebyuk without a rebound.
12:09 of 3rd period - Morgan Frost wins face-off versus Michael McCarron in Americans zone.
12:10 of 3rd period - Wrist shot by Connor McMichael.
12:10 of 3rd period - Shot Misses the Net.
12:40 of 3rd period - Sonny Milano is hit by Adam Brooks and loses puck.
12:57 of 3rd period - Off-side.
12:58 of 3rd period - Ryan Fitzgerald wins face-off versus Grigori Denisenko in neutral zone.
13:04 of 3rd period - Minor Penalty to Kale Clague for Tripping.
13:05 of 3rd period - Adam Brooks wins face-off versus Christoffer Ehn in Griffins zone.
13:09 of 3rd period - Slapshot by Jack Studnicka.
13:09 of 3rd period - Stopped by Connor Hellebyuk without a rebound.
13:10 of 3rd period - Christoffer Ehn wins face-off versus Adam Brooks in Americans zone.
13:22 of 3rd period - Minor Penalty to Richard Nejezchleb for Slashing.
13:23 of 3rd period - Logan Brown wins face-off versus Justin Bailey in Americans zone.
14:13 of 3rd period - Matt Puempel is hit by Kevin Fiala and loses puck.
14:38 of 3rd period - Slapshot by Spencer Stastney.
14:38 of 3rd period - Shot Misses the Net.
14:40 of 3rd period - Slapshot by Dillon Heatherington.
14:40 of 3rd period - Shot Misses the Net.
14:42 of 3rd period - Slapshot by Xavier Bouchard.
14:42 of 3rd period - Stopped by Harru Sateri with a rebound.
14:48 of 3rd period - Snap shot by Michael McCarron.
14:48 of 3rd period - Deflect By Felix Bibeau.
14:48 of 3rd period - Shot Misses the Net.
14:48 of 3rd period - Puck is out of play.
14:49 of 3rd period - Logan Brown wins face-off versus Justin Bailey in Griffins zone.
15:04 of 3rd period - Penalty to Kale Clague is over, Kale Clague is back on ice.
15:14 of 3rd period - Ryan Fitzgerald is hit by Ian McCoshen and loses puck.
15:22 of 3rd period - Penalty to Richard Nejezchleb is over, Richard Nejezchleb is back on ice.
15:59 of 3rd period - Slapshot by Dillon Heatherington.
15:59 of 3rd period - Deflect By Vladimir Tkachev.
15:59 of 3rd period - Stopped by Harru Sateri with a rebound.
16:01 of 3rd period - Slapshot by Spencer Stastney.
16:01 of 3rd period - Shot Misses the Net.
16:05 of 3rd period - Slapshot by Dillon Heatherington.
16:05 of 3rd period - Goal by Dillon Heatherington - Americans : 3 - Griffins : 2.
16:06 of 3rd period - Michael McCarron wins face-off versus Morgan Frost in neutral zone.
16:11 of 3rd period - Snap shot by Michael McCarron.
16:11 of 3rd period - Shot Blocked by Kale Clague.
16:13 of 3rd period - Wrist shot by Vladimir Tkachev.
16:13 of 3rd period - Goal by Vladimir Tkachev - Americans : 4 - Griffins : 2.
16:14 of 3rd period - Morgan Frost wins face-off versus Michael McCarron in neutral zone.
16:47 of 3rd period - Wrist shot by Sonny Milano.
16:47 of 3rd period - Deflect By Kevin Fiala.
16:47 of 3rd period - Shot Misses the Net.
16:47 of 3rd period - Puck is out of play.
16:48 of 3rd period - Logan Brown wins face-off versus Adam Brooks in Americans zone.
17:17 of 3rd period - Wrist shot by Vladimir Tkachev.
17:17 of 3rd period - Shot Misses the Net.
17:19 of 3rd period - Snap shot by Michael McCarron.
17:19 of 3rd period - Stopped by Harru Sateri with a rebound.
17:21 of 3rd period - Snap shot by Vladimir Tkachev.
17:21 of 3rd period - Shot Blocked by Mathieu Brodeur.
17:33 of 3rd period - Snap shot by Ryan Fitzgerald.
17:33 of 3rd period - Stopped by Harru Sateri with a rebound.
17:35 of 3rd period - Snap shot by Matt Grzelcyk.
17:35 of 3rd period - Stopped by Harru Sateri without a rebound.
17:36 of 3rd period - Ryan Fitzgerald wins face-off versus Christoffer Ehn in Griffins zone.
17:51 of 3rd period - Slapshot by Ryan Fitzgerald.
17:51 of 3rd period - Shot Misses the Net.
18:06 of 3rd period - Slapshot by Dillon Heatherington.
18:06 of 3rd period - Stopped by Harru Sateri with a rebound.
18:08 of 3rd period - Slapshot by Spencer Stastney.
18:08 of 3rd period - Shot Blocked by Ian McCoshen.
18:10 of 3rd period - Snap shot by Vladimir Tkachev.
18:10 of 3rd period - Stopped by Harru Sateri with a rebound.
18:21 of 3rd period - Off-side.
18:22 of 3rd period - Logan Brown wins face-off versus Adam Brooks in neutral zone.
18:47 of 3rd period - Vladimir Tkachev is hit by Morgan Frost and loses puck.
19:04 of 3rd period - Alex Schoenborn is hit by Morgan Frost and loses puck.
19:51 of 3rd period - Sebastian Ahaut is hit by Justin Bailey and loses puck.
Goals for this period are 2 for Americans vs 1 for Griffins.
Shots for this period are 10 for Americans vs 8 for Griffins.